 Dungeon Crawl Stone Soup version 0.31.0-11-ge490571c62 (webtiles) character file.

Game seed: 561536512058411465

1148 mopl the Summoner (level 8, -1/41 HPs)
             Began as a Tengu Summoner on Feb 8, 2024.
             Was an Initiate of Sif Muna.
             Slain by a troll (8 damage)
             ... on level 5 of the Dungeon.
             The game lasted 00:06:43 (4251 turns).

mopl the Summoner (Tengu Summoner)                  Turns: 4251, Time: 00:06:44

Health: -1/41      AC:  6    Str:  9    XL:     8   Next: 38%
Magic:  10/18      EV: 31    Int: 17    God:    Sif Muna [......]
Gold:   322        SH:  0    Dex: 15    Spells: 5/19 levels left

rFire   + . .        a - +0 spear
rCold   . . .        (no shield)
rNeg    . . .        q - +0 robe
rPois   .            (helmet restricted)
rElec   .            s - +0 cloak
rCorr   .            x - +2 pair of gloves "Ycvu" {rF+}
SInv    .            (boots unavailable)
Will    .....        (no amulet)
Stlth   ++           (no ring)
HPRegen 0.26/turn    (no ring)
MPRegen 0.16/turn

%: acrobat
@: acrobatic, flying, inugami summoned
A: beak, talons 3, evasive flight, acrobatic
a: Renounce Religion


You were on level 5 of the Dungeon.
You worshipped Sif Muna.
Sif Muna was noncommittal.
You visited 1 branch of the dungeon, and saw 5 of its levels.

You collected 322 gold pieces.

Inventory:

Hand Weapons
 a - a +0 spear (weapon)
 h - a +0 dagger
 p - a +0 scythe
Missiles
 i - 10 boomerangs
 v - 3 poisoned darts
Armour
 q - a +0 robe (worn)
 s - a +0 cloak (worn)
 x - the +2 pair of gloves "Ycvu" (worn) {rF+}
   (You found it on level 5 of the Dungeon)

   rF+:       It protects you from fire.
Wands
 t - a wand of mindburst (17)
Scrolls
 e - 2 scrolls of blinking {unknown}
 f - 2 scrolls of fog {unknown}
 j - 5 scrolls of teleportation {unknown}
 k - a scroll of vulnerability {unknown}
 m - a scroll of fear {unknown}
 n - 2 scrolls of enchant armour {unknown}
 u - a scroll of enchant weapon {unknown}
 w - a scroll of silence {unknown}
Potions
 b - a potion of magic
 c - 3 potions of heal wounds {unknown}
 d - a potion of ambrosia
 g - a potion of attraction
 l - 2 potions of cancellation
 o - 2 potions of curing
 r - a potion of haste
 z - a potion of berserk rage {unknown}


   Skills:
 + Level 0.3 Fighting
 + Level 3.5 Polearms
 - Level 2.1 Dodging
 - Level 2.0 Stealth
 * Level 6.1 Spellcasting
 * Level 9.0 Summonings
 + Level 0.3 Invocations


You had 5 spell levels left.
You knew the following spells:

 Your Spells              Type           Power      Damage    Failure   Level
a - Summon Small Mammal   Summ           100%       N/A       1%          1
b - Call Imp              Summ           70%        N/A       1%          2
c - Call Canine Familiar  Summ           35%        N/A       1%          3
d - Summon Lightning Spi  Summ/Air       20%        N/A       21%         4
g - Summon Blazeheart Go  Fire/Summ      20%        N/A       21%         4

Your spell library contained the following spells:

 Spells                   Type           Power      Damage    Failure   Level
 Freeze                   Ice            20%        1d4       13%         1


Dungeon Overview and Level Annotations

Branches:
Dungeon (5/15)
 Temple: D:4-7

Altars:
Qazlal
Sif Muna
Vehumet
The Shining One


Innate Abilities, Weirdness & Mutations

You have a beak for a mouth.
You have claws for feet.
Your magical flight helps you evade attacks. (EV +4)
You can magically evade attacks while moving or waiting.


Message History

The troll attacks as it pursues you! The troll completely misses you.
The troll claws you but does no damage. The troll misses you.
Casting: Call Canine Familiar (safe; 1% risk of failure)
Confirm with . or Enter, or press ? or * to list all spells.
A tiny devil pulls itself out of the air.
The troll bites your cerulean imp!
Your cerulean imp dies!
Your cerulean imp disappears in a puff of smoke!
Casting: Call Imp (safe; 1% risk of failure)
Confirm with . or Enter, or press ? or * to list all spells.
A tiny devil pulls itself out of the air.
Your cerulean imp says, "I'm here!"
Your cerulean imp hits the troll with a -1 spear.
The troll bites your cerulean imp!
Your cerulean imp dies!
Your cerulean imp disappears in a puff of smoke!
The white imp gestures at you. The puff of frost misses you.
Casting: Call Imp (safe; 1% risk of failure)
Confirm with . or Enter, or press ? or * to list all spells.
You call for your canine familiar and it appears with a howl!
The troll attacks as it pursues you! The troll completely misses you. x3
Your inugami closely misses the troll.
The troll attacks as it pursues you! The troll bites you!
The troll completely misses you. The troll barely misses you.
The white imp shouts, "Leave, thou hateful mallardish clotpole!"
Your inugami hits the white imp! The white imp misses your inugami.
Your inugami hits the white imp.
The white imp dies!
Sif Muna accepts your kill. The troll attacks as it pursues you!
The troll misses you. The troll completely misses you. x2
The troll attacks as it pursues you! The troll barely misses you.
The troll misses you. x2
The troll attacks as it pursues you! The troll completely misses you.
The troll claws you!
* * * LOW HITPOINT WARNING * * *
The troll completely misses you. The troll attacks as it pursues you!
The troll bites you!
You die...

#......~#~#
#~~#.##...
#.....#~###
#~.#.##...
###...#~~##
#~.#.##...
#...÷#~~##
#~.#.##.#.
#####.#~~#
#~.#.##.##
##>.~#
##~##......
##.~#
#~h#####.##
#.~# #~##
### #@~##
#~# #.T~#
##~# #.#~#
#~~#
#..~###~##
#..~~#~~#
##..~~~.#
######
##.....#
#...≈≈
#######
#.####
#...#


You could see a troll.

Vanquished Creatures
  2 hounds
  An iguana (D:4)
  An orc wizard (D:5)
  5 adders
  A white imp (D:5)
  An ufetubus (D:5)
  A ribbon worm (D:4)
  2 dart slugs
  An orc (D:3)
  5 ball pythons
  A bat (D:2)
  2 endoplasms (D:2)
  A giant cockroach (D:4)
  A hobgoblin (D:1)
  3 jackals (D:5)
  4 quokkas
  A frilled lizard (D:3)
  9 goblins
  A kobold (D:4)
  3 rats
46 creatures vanquished.

Vanquished Creatures (collateral kills)
  Grinder (D:5)
  Sigmund (D:2)
  Menkaure (D:4)
  A water moccasin (D:5)
  An ice beast (D:5)
  2 scorpions
  A howler monkey (D:5)
  A hound (D:4)
  A jelly (D:4)
  An orc wizard (D:5)
  3 adders
  2 white imps (D:5)
  An orc (D:4)
  2 giant cockroaches (D:4)
  A kobold (D:4)
20 creatures vanquished.

Grand Total: 66 creatures vanquished

Notes
Turn   | Place    | Note
-------+----------+-------------------------------------------
     0 | D:1      | mopl the Tengu Summoner began the quest for the Orb.
     0 | D:1      | Reached XP level 1. HP: 10/10 MP: 4/4
   145 | D:1      | Reached skill level 5 in Summonings
   526 | D:1      | Found a faded altar of an unknown god.
   538 | D:1      | Reached XP level 2. HP: 12/15 MP: 6/6
   543 | D:1      | Learned a level 2 spell: Call Imp
  1047 | D:2      | Reached XP level 3. HP: 16/19 MP: 7/7
  1051 | D:2      | Learned a level 3 spell: Call Canine Familiar
  1219 | D:2      | Noticed Sigmund
  1230 | D:2      | Killed Sigmund
  1231 | D:2      | Reached skill level 6 in Summonings
  1231 | D:2      | Reached XP level 4. HP: 16/24 MP: 4/10
  1231 | D:2      | Reached XP level 5. HP: 19/28 MP: 4/11
  2087 | D:3      | Found a glowing golden altar of the Shining One.
  2564 | D:4      | Noticed Menkaure
  2579 | D:4      | Killed Menkaure
  2580 | D:4      | Reached skill level 1 in Polearms
  2580 | D:4      | Reached skill level 7 in Summonings
  2580 | D:4      | Reached XP level 6. HP: 11/32 MP: 8/13
  2839 | D:4      | Gained mutation: Your magical flight helps you evade
                  | attacks. (EV +4) [Tengu growth]
  2839 | D:4      | Reached XP level 7. HP: 27/36 MP: 12/15
  2973 | D:4      | Learned a level 4 spell: Summon Blazeheart Golem
  3139 | D:5      | Entered Level 5 of the Dungeon
  3159 | D:5      | Reached skill level 5 in Spellcasting
  3257 | D:5      | Found a radiant altar of Vehumet.
  3257 | D:5      | Found a stormy altar of Qazlal.
  3353 | D:5      | Reached skill level 8 in Summonings
  3359 | D:5      | Identified the +2 pair of gloves "Ycvu" {rF+}
  3451 | D:5      | Learned a level 4 spell: Summon Lightning Spire
  3586 | D:5      | Noticed Grinder
  3672 | D:5      | Killed Grinder
  3673 | D:5      | Reached XP level 8. HP: 17/41 MP: 7/17
  3894 | D:5      | Identified the +6 dagger of Dismay {distort, *Noise rC+
                  | Will+ Dex+3}
  3978 | D:5      | Found a shimmering blue altar of Sif Muna.
  3983 | D:5      | Became a worshipper of Sif Muna the Loreminder
  4006 | D:5      | Reached skill level 9 in Summonings
  4008 | D:5      | Got Sif Muna's Compilation of the Snowflakes
  4180 | D:5      | Noticed a troll
  4251 | D:5      | Slain by a troll

Illustrated notes

Levels and vault maps discovered:
D:1:      shiori_arrival_oz, layout_basic, serial_rivers,
          chequers_serial_rivers_micro_c, chequers_serial_rivers_room_a,
          chequers_serial_rivers_small_b, chequers_serial_rivers_small_b,
          ebering_ecumenical_altar_abandoned
D:2:      layout_basic, serial_corexii_hall, corexii_hall_statues_u,
          chequers_hall_statues_y, uniq_sigmund
D:3:      layout_loops_ring, amcnicky_altar_gilded
D:4:      layout_cave_pools, mrwooster_statue_mirror,
          serial_library_hellmonk_reading_circle, uniq_menkaure
D:5:      layout_loops_cross, led_sif_book, mainiacjoe_overflow_divided_tiny,
          corexii_corridor_pit, minmay_manual_mullet, uniq_grinder

Skill      XL: |  1  2  3  4  5  6  7  8 |
---------------+-------------------------+-----
Summonings     | 5 6 7 8 9 |  9.0
Spellcasting   | 3 4 5 6 |  6.1
Polearms       | 1 3 |  3.5
Fighting       | |  0.3
Dodging        | |  2.1
Stealth        | |  2.0
Invocations    | |  0.3

Action                     |  1- 3 |  4- 6 |  7- 9 || total
---------------------------+-------+-------+-------++-------
  Melee: Unarmed           |    24 |       |       ||    24
         Kick              |    10 |    17 |    22 ||    49
         Peck              |     7 |    10 |    13 ||    30
         Punch             |     1 |       |       ||     1
         Dagger            |    22 |     2 |       ||    24
         Spear             |       |    68 |   140 ||   208
   Cast: Call Imp          |     2 |     5 |    18 ||    25
         Call Canine Famil |     1 |     2 |     7 ||    10
         Summon Small Mamm |       |     1 |     7 ||     8
    Use: Scroll            |     3 |     1 |     1 ||     5
   Stab: Sleeping          |     1 |     2 |     3 ||     6
         Distracted        |       |     1 |     1 ||     2
 Armour: Robe              |    21 |    22 |    47 ||    90
  Dodge: Dodged            |    34 |    36 |   105 ||   175
